 Dungeon Sprint DCSS version 0.31.0-11-ge490571c62 (webtiles) character file.

Game seed: 17491433729575475878

3703 DiggyJ the Severer (level 10, -2/166 HPs)
             Began as a Hill Orc Berserker on Feb 3, 2024.
             Was a High Priest of Trog.
             Killed from afar by an oklob plant (23 damage)
             ... with a splash of acid
             ... in the Dungeon (Sprint I: "Red Sonja").
             The game lasted 00:05:12 (1067 turns).

DiggyJ the Severer (Hill Orc Berserker)             Turns: 1067, Time: 00:05:13

Health: -2/166     AC:  1    Str: 25    XL:     10   Next: 14%
Magic:  0/10       EV: 14    Int:  7    God:    Trog [*****.]
Gold:   897        SH:  0    Dex: 10    Spells: 9/9 levels left

rFire   . . .        a - +0 hand axe
rCold   . . .        (no shield)
rNeg    . . .        l - +0 troll leather armour
rPois   .            (no helmet)
rElec   .            m - +0 cloak
rCorr   .            (no gloves)
SInv    .            (no boots)
Will    .....        j - amulet of guardian spirit Stlth
                     (no ring)
HPRegen 1.27/turn    (no ring)
MPRegen 0.12/turn

%: no teleportation, guardian spirit
@: berserking, corroded, very quick
A: no striking features
a: Renounce Religion, Berserk, Trog's Hand, Brothers in Arms


You were in the Dungeon.
You worshipped Trog.
Trog was extremely pleased with you.
You visited 1 branch You collected 951 gold pieces.
You spent 54 gold pieces at shops.

Inventory:

Hand Weapons
 a - a +0 hand axe (weapon)
 k - a +0 great sword of freezing
Armour
 b - a +0 animal skin
 l - a +0 troll leather armour (worn)
 m - a +0 cloak (worn)
Jewellery
 j - an amulet of guardian spirit (around neck)
Wands
 i - a wand of light (13)
Scrolls
 h - a scroll of blinking
 n - a scroll of fog {unknown}
 o - a scroll of torment {unknown}
Potions
 c - 3 potions of curing
 d - a potion of lignification {unknown}
 e - a potion of haste
 f - 2 potions of magic
 g - a potion of brilliance {unknown}


   Skills:
 + Level 17.2 Fighting
 + Level 18.9 Axes
 + Level 7.4 Armour
 + Level 7.4 Dodging


You had 9 spell levels left.
You didn't know any spells.
Your spell library was empty.

Dungeon Overview and Level Annotations

Branches:
Dungeon (1/1)

Altars:
Cheibriados
Dithmenos
Elyvilon
Fedhas
Gozag
Hepliaklqana
Kikubaaqudgha
Makhleb
Nemelex Xobeh
Okawaru
Qazlal
Ru
Sif Muna
Trog
Uskayaw
Vehumet
Wu Jian
Xom
Yredelemnul
Zin
The Shining One
Jiyva
Lugonu

Shops:
D (![

Annotations:
D exclusion: oklob plant


Message History

The oklob plant is lightly damaged.
You slash the oklob plant!
The oklob plant is moderately damaged.
The oklob plant spits acid at you. The splash of acid hits you!!
* * * LOW HITPOINT WARNING * * *
You slash the oklob plant!
The oklob plant is heavily damaged.
You hit the oklob plant but do no damage.
The oklob plant is heavily damaged.
You hit the oklob plant but do no damage.
The oklob plant is heavily damaged.
You hit the oklob plant.
The oklob plant is heavily damaged.
You hit the oklob plant.
The oklob plant is heavily damaged.
You hit the oklob plant.
The oklob plant is heavily damaged.
You hit the oklob plant.
The oklob plant is severely damaged.
You hit the oklob plant but do no damage.
The oklob plant is severely damaged.
You hit the oklob plant but do no damage.
The oklob plant is severely damaged.
You slash the oklob plant!
The oklob plant is almost destroyed.
You hit the oklob plant but do no damage.
The oklob plant is almost destroyed.
You hit the oklob plant but do no damage.
The oklob plant is almost destroyed.
The oklob plant spits acid at you. The splash of acid hits you!!
* * * LOW HITPOINT WARNING * * *
You hit the oklob plant.
The oklob plant is almost destroyed.
A red film seems to cover your vision as you go berserk!
You feel yourself moving faster!
You feel mighty! The oklob plant spits acid at you.
The splash of acid hits you!!
You die...

###################
..#..'..#__#..')..#
..').#..'..'..#)..#
#'#####'#__####...+
..#...#.####§§#####
###..##.#~~~.§#§.#
__##'#_.'~~§)§§§§#
...'..._#~~~§.#§§#
__##_.#'##'#####@#
__###'#.#[..§###P+
#####.####§###.###
...'...'.§...'[∩#
####.).##########
###.### #.#'#.#
#.....# #...[.#


You could see an oklob plant.

Vanquished Creatures
  2 centaur warriors (D)
  Sonja (D)
  A deep troll (D)
  2 kobold demonologists (D)
  A hornet (D)
  A glass eye (D)
  Sigmund (D)
  A slime creature (D)
  A yak (D)
  An ogre (D)
  A jelly (D)
  Ijyb (D)
14 creatures vanquished.

Vanquished Creatures (others)
  2 ballistomycete spores (D)
2 creatures vanquished.

Grand Total: 16 creatures vanquished

Notes
Turn   | Place    | Note
-------+----------+-------------------------------------------
     0 | D        | DiggyJ the Hill Orc Berserker began the quest for the Orb.
     0 | D        | Reached XP level 1. HP: 19/19 MP: 1/1
     2 | D        | Noticed Ijyb
    11 | D        | Killed Ijyb
    12 | D        | Reached skill level 5 in Fighting
    12 | D        | Reached skill level 6 in Axes
    12 | D        | Reached XP level 2. HP: 16/29 MP: 2/2
    12 | D        | Reached XP level 3. HP: 20/36 MP: 3/3
    89 | D        | Noticed an ogre
    95 | D        | Killed an ogre
    96 | D        | Reached skill level 8 in Axes
    96 | D        | Reached XP level 4. HP: 48/48 MP: 4/4
   134 | D        | Noticed Sigmund
   141 | D        | Killed Sigmund
   141 | D        | Reached ** piety under Trog
   142 | D        | Reached skill level 11 in Axes
   142 | D        | Reached XP level 5. HP: 58/58 MP: 5/5
   142 | D        | Reached XP level 6. HP: 66/66 MP: 6/6
   167 | D        | Found an ornate altar of the Wu Jian Council.
   167 | D        | Found a shimmering blue altar of Sif Muna.
   169 | D        | Found a radiant altar of Vehumet.
   185 | D        | Reached skill level 10 in Fighting
   250 | D        | Found a burning altar of Makhleb.
   250 | D        | Found a viscous altar of Jiyva.
   250 | D        | Found a shimmering altar of Xom.
   250 | D        | Found a corrupted altar of Lugonu.
   250 | D        | Noticed a slime creature
   258 | D        | Killed a slime creature
   259 | D        | Reached skill level 12 in Axes
   259 | D        | Reached skill level 5 in Armour
   259 | D        | Reached XP level 7. HP: 74/74 MP: 7/7
   301 | D        | Found Goluanun's Distillery.
   301 | D        | Found an ancient bone altar of Kikubaaqudgha.
   301 | D        | Found a hazy altar of Hepliaklqana.
   301 | D        | Found a stormy altar of Qazlal.
   301 | D        | Found a hide-covered altar of Uskayaw.
   301 | D        | Found a blossoming altar of Fedhas.
   301 | D        | Found a bloodstained altar of Trog.
   301 | D        | Found an iron altar of Okawaru.
   301 | D        | Found a basalt altar of Yredelemnul.
   301 | D        | Found a glowing golden altar of the Shining One.
   301 | D        | Found a snail-covered altar of Cheibriados.
   301 | D        | Found a sacrificial altar of Ru.
   301 | D        | Found a glowing silver altar of Zin.
   301 | D        | Found a shadowy altar of Dithmenos.
   301 | D        | Found a white marble altar of Elyvilon.
   301 | D        | Noticed a yak
   312 | D        | Killed a yak
   313 | D        | Reached skill level 13 in Axes
   313 | D        | Found an opulent altar of Gozag.
   314 | D        | Found a sparkling altar of Nemelex Xobeh.
   449 | D        | Noticed Sonja
   461 | D        | Killed Sonja
   461 | D        | Reached *** piety under Trog
   462 | D        | Reached skill level 15 in Axes
   462 | D        | Reached skill level 5 in Dodging
   462 | D        | Reached XP level 8. HP: 86/86 MP: 5/8
   480 | D        | Found Ezoshiy's Weapon Boutique.
   500 | D        | Noticed a deep troll
   513 | D        | Killed a deep troll
   514 | D        | Reached skill level 16 in Axes
   674 | D        | Found Coma's Armour Emporium.
   681 | D        | Bought a +0 cloak for 54 gold pieces
   805 | D        | Noticed a kobold demonologist
   805 | D        | Noticed a glass eye
   805 | D        | Noticed a kobold demonologist
   807 | D        | Noticed a sun demon
   811 | D        | Killed a glass eye
   812 | D        | Reached XP level 9. HP: 96/96 MP: 9/9
   815 | D        | Killed a kobold demonologist
   815 | D        | Reached **** piety under Trog
   816 | D        | Reached skill level 15 in Fighting
   816 | D        | Reached skill level 17 in Axes
   824 | D        | Noticed an ice devil
   825 | D        | Killed a kobold demonologist
   914 | D        | Noticed a centaur warrior
   914 | D        | Noticed a centaur warrior
   928 | D        | Killed a centaur warrior
   928 | D        | Reached ***** piety under Trog
   929 | D        | Reached skill level 18 in Axes
   931 | D        | Killed a centaur warrior
   932 | D        | Reached XP level 10. HP: 14/111 MP: 2/10
  1043 | D        | Noticed an oklob plant
  1067 | D        | Killed from afar by an oklob plant

Illustrated notes

Levels and vault maps discovered:
D:        dungeon_sprint_1 [red_sonja_temple_1, red_sonja_temple_small_1]

Skill      XL: |  1  2  3  4  5  6  7  8  9 |
---------------+----------------------------+-----
Fighting       | 5 7 9 11 13 14 17 | 17.2
Axes           | 6 8 11 12 15 16 18 | 18.9
Dodging        | 2 3 4 5 6 7 |  7.4
Armour         | 3 4 5 6 7 |  7.4

Action                     |  1- 3 |  4- 6 |  7- 9 | 10-12 || total
---------------------------+-------+-------+-------+-------++-------
  Melee: Hand axe          |    13 |    19 |    59 |    27 ||   118
 Invoke: Berserk           |     2 |     2 |     3 |     1 ||     8
    Use: Potion            |       |       |     2 |       ||     2
 Armour: Animal skin       |     4 |     5 |    19 |       ||    28
         Troll leather arm |       |       |    23 |     7 ||    30
  Dodge: Dodged            |     2 |     5 |    31 |     4 ||    42
